Map: 世界主宰-天梯版

Players

TIME (Oliveira) - Winner!

  • Race: Terran Terran

Cyan

  • Race: Protoss Protoss
  • League: Master

Event: DreamHack SC2 Masters 2020 Winter

VOD

Have the link to the VOD?

Description

Time

  • Played on: Oct. 30, 2020, 8:33 a.m.
  • Length: 19:11

All games in this series

Show
View Real Time Build Order
Export as new Build Order

TIME Terran - Winner!

Build Orders:  

Get SALT Encoding   

  12  0:00  SCV  
  13  0:12  SCV  
  14  0:17  Supply Depot  
  14  0:25  SCV  
  15  0:38  SCV  
  15  0:40  Barracks  
  16  0:44  Refinery  
  16  0:50  SCV  
  17  1:03  SCV  
  18  1:15  SCV  
  19  1:28  SCV, Reaper  
  21  1:33  Command Center  
  21  1:45  Orbital Command  
  21  1:51  Supply Depot  
  21  2:00  Marine  
  22  2:06  Factory  
  22  2:10  SCV  
  22  2:15  Refinery  
  23  2:22  SCV, Barracks Reactor  
  24  2:35  SCV  
  25  2:47  Orbital Command  
  25  2:49  Starport, SCV  
  26  2:54  Widow Mine  
  26  2:58  Marine x2  
  28  3:01  Barracks  
  28  3:04  SCV  
  31  3:13  SCV  
  31  3:16  SCV  
  35  3:20  Widow Mine  
  35  3:22  Marine  
  35  3:24  Marine  
  35  3:25  SCV  
  38  3:29  SCV  
  38  3:33  Medivac  
  41  3:37  SCV  
  41  3:40  Marine  
  41  3:41  SCV, Supply Depot  
  44  3:44  Widow Mine  
  45  3:49  Barracks Tech Lab, SCV  
  45  3:55  Barracks  
  46  4:00  SCV  
  46  4:01  Supply Depot  
  46  4:05  Factory Tech Lab  
  46  4:07  SCV  
  46  4:08  Stimpack  
  46  4:18  Marine  
  46  4:19  SCV x2  
  46  4:20  Marine  
  46  4:21  Supply Depot  
  46  4:22  Starport Reactor  
  50  4:28  Engineering Bay  
  50  4:31  SCV x2, Marine  
  51  4:37  Marine, Refinery  
  54  4:40  Marine  
  54  4:43  SCV x2, Supply Depot  
  57  4:52  Supply Depot  
  57  4:54  Marauder  
  57  4:55  SCV x2, Terran Infantry Weapons Level 1  
  57  4:59  Medivac  
  63  5:01  Medivac  
  63  5:05  Missile Turret  
  63  5:06  Marine x2  
  67  5:09  SCV  
  67  5:11  SCV, Marine  
  70  5:15  Supply Depot  
  70  5:16  Marine  
  70  5:19  Combat Shield  
  70  5:21  Factory Tech Lab  
  71  5:22  SCV  
  71  5:23  SCV  
  71  5:27  Marine, Refinery  
  74  5:36  SCV x2  
  74  5:38  Supply Depot  
  74  5:39  Marauder x2  
  74  5:40  Marine  
  81  5:45  Siege Tank  
  84  5:52  SCV  
  83  6:01  Marine  
  83  6:02  Marauder  
  83  6:03  SCV  
  79  6:08  SCV  
  72  6:14  Marauder, Marine  
  72  6:15  SCV  
  72  6:17  Medivac x2  
  78  6:21  Siege Tank  
  78  6:25  Marine  
  81  6:26  Marauder  
  81  6:28  SCV  
  81  6:32  Marine  
  85  6:35  Marauder  
  85  6:36  SCV  
  87  6:40  Concussive Shells  
  87  6:49  Command Center  
  87  6:51  Marine  
  87  6:52  Marine, Marauder  
  82  6:58  Marine  
  82  6:59  SCV  
  80  7:06  Siege Tank  
  80  7:07  SCV  
  84  7:09  Marine x2  
  84  7:11  SCV  
  84  7:14  Marauder  
  89  7:18  Barracks x2  
  89  7:19  SCV  
  89  7:21  Terran Infantry Armor Level 1  
  89  7:22  Marauder  
  92  7:27  SCV  
  93  7:30  Supply Depot  
  93  7:31  Supply Depot, SCV  
  93  7:32  Marine  
  92  7:39  SCV  
  92  7:40  Marine  
  92  7:41  Marauder  
  92  7:43  Marine  
  92  7:45  SCV  
  92  7:50  Marine  
  94  7:51  Siege Tank  
  94  7:54  SCV  
  94  7:58  Marine, SCV  
  100  8:01  Marauder  
  100  8:05  Medivac x2  
  106  8:06  SCV  
  106  8:07  Barracks Tech Lab, Barracks Reactor  
  106  8:11  SCV, Ghost Academy  
  107  8:14  Orbital Command  
  107  8:15  Marine  
  107  8:18  SCV  
  111  8:20  Marauder, Marine  
  111  8:23  SCV  
  111  8:27  Siege Tank  
  116  8:30  SCV  
  117  8:35  SCV, Marine  
  117  8:40  Ghost  
  125  8:42  SCV  
  125  8:43  Ghost x2  
  125  8:44  Marine x3  
  125  8:48  Supply Depot  
  129  8:52  Supply Depot  
  129  8:53  Supply Depot, Marine  
  129  8:54  SCV x2  
  132  8:57  SCV  
  133  9:04  Marine x2  
  133  9:09  Siege Tank  
  136  9:10  Marauder  
  136  9:13  Marine  
  136  9:14  Marine, Marauder  
  115  9:25  Marine, Marauder  
  115  9:26  Viking x2  
  115  9:27  SCV x2  
  115  9:28  SCV  
  115  9:30  Armory  
  115  9:31  Marine, Refinery, Engineering Bay  
  123  9:32  Refinery  
  124  9:39  Marine  
  124  9:40  Marine, Bunker  
  124  9:42  SCV  
  124  9:45  Siege Tank  
  130  9:46  SCV  
  130  9:47  SCV, Command Center  
  130  9:50  Marine  
  133  9:56  Marine x2  
  133  9:57  Marauder  
  133  9:59  SCV  
  138  10:00  SCV x2  
  139  10:08  Marine x2, Marauder  
  139  10:11  SCV  
  139  10:13  Supply Depot  
  139  10:14  Marine, Medivac  
  144  10:15  Medivac  
  144  10:19  Terran Infantry Armor Level 2, Terran Infantry Weapons Level 2  
  149  10:22  Marine  
  149  10:23  Marauder  
  149  10:24  Marauder  
  149  10:27  SCV x2  
  156  10:30  Sensor Tower  
  156  10:31  Marine  
  156  10:35  Supply Depot  
  156  10:42  Drilling Claws  
  156  10:44  Siege Tank, Marine x2  
  156  10:46  SCV x2  
  156  10:47  SCV  
  164  10:51  Supply Depot  
  164  10:56  Ghost  
  168  10:57  Marauder  
  168  11:00  Enhanced Shockwaves  
  168  11:02  Marine  
  169  11:05  Marine x2, Refinery  
  169  11:07  Refinery  
  169  11:11  Planetary Fortress  
  171  11:13  Marauder  
  173  11:20  Supply Depot  
  173  11:24  Barracks  
  173  11:25  Marauder  
  175  11:26  Barracks  
  175  11:27  Supply Depot, Marauder, Marine x2  
  175  11:28  Barracks  
  175  11:29  Marine  
  180  11:34  Widow Mine  
  180  11:35  Terran Ship Weapons Level 1  
  180  11:39  Marine  
  183  11:51  Marine x3  
  183  11:52  Marauder x2  
  183  11:53  Command Center  
  190  11:58  Widow Mine  
  190  12:01  Marine  
  192  12:02  Ghost  
  185  12:19  Barracks Tech Lab, Barracks Reactor  
  185  12:20  Barracks Tech Lab  
  185  12:21  SCV  
  184  12:35  Command Center  
  177  12:38  Marine, Marauder  
  177  12:40  Widow Mine x2  
  174  12:49  Marine  
  174  12:50  Marine, Marauder  
  175  12:54  Marine, Terran Infantry Weapons Level 3  
  175  12:55  Marine x3, Marauder  
  179  13:00  Medivac  
  179  13:03  Medivac  
  183  13:09  Marine x3  
  183  13:10  Marauder  
  155  13:28  Marine x3, Marauder x2  
  155  13:29  Widow Mine  
  155  13:30  Missile Turret  
  164  13:36  Marine x3  
  164  13:37  Marauder  
  154  13:53  Marine  
  132  13:56  Marine x2  
  132  13:57  Ghost  
  119  14:07  SCV  
  114  14:10  Missile Turret  
  114  14:13  Marine  
  115  14:23  Marine  
  116  14:25  Marine  
  116  14:26  SCV  
  116  14:28  Marine  
  119  14:35  SCV  
  100  14:47  Marine  
  66  16:25  Orbital Command  
Show
View Real Time Build Order
Export as new Build Order

Cyan Protoss 

Build Orders: 1 Gate Expand, Oracle Opening 

Get SALT Encoding   

  12  0:00  Probe  
  13  0:12  Probe  
  14  0:17  Pylon  
  14  0:24  Probe (Chrono Boost)  
  15  0:36  Gateway, Probe (Chrono Boost)  
  16  0:44  Probe (Chrono Boost)  
  16  0:46  Assimilator  
  17  0:50  Probe  
  18  1:03  Probe  
  19  1:15  Probe  
  20  1:23  Nexus  
  20  1:33  Cybernetics Core  
  20  1:37  Probe  
  21  1:42  Assimilator  
  21  1:49  Probe  
  21  1:52  Pylon  
  23  2:01  Probe  
  23  2:07  Adept (Chrono Boost)  
  23  2:13  Probe  
  26  2:18  Stargate  
  26  2:25  Probe  
  26  2:28  Warp Gate  
  27  2:35  Adept (Chrono Boost), Probe (Chrono Boost)  
  27  2:42  Probe (Chrono Boost)  
  30  2:46  Probe (Chrono Boost)  
  32  2:51  Probe x2 (Chrono Boost)  
  32  2:57  Adept  
  35  3:01  Probe  
  35  3:03  Oracle (Chrono Boost)  
  35  3:04  Probe  
  40  3:14  Pylon, Probe  
  40  3:16  Probe  
  42  3:26  Probe  
  43  3:28  Gateway  
  43  3:30  Gateway  
  43  3:31  Probe  
  44  3:38  Probe  
  45  3:42  Twilight Council  
  45  3:43  Probe (Chrono Boost)  
  46  3:49  Pylon  
  46  3:53  Assimilator  
  48  3:55  Probe (Chrono Boost)  
  48  3:56  Probe (Chrono Boost)  
  48  4:01  Probe (Chrono Boost)  
  50  4:03  Probe (Chrono Boost)  
  50  4:13  Probe  
  50  4:14  Blink (Chrono Boost), Probe  
  52  4:17  Nexus  
  52  4:19  Pylon  
  52  4:35  Stalker x3  
  52  4:37  Probe x2  
  60  4:46  Pylon  
  60  4:49  Probe  
  60  4:51  Pylon, Probe  
  62  5:01  Stalker  
  62  5:02  Stalker x2  
  62  5:03  Probe x2  
  70  5:10  Pylon  
  70  5:15  Probe x2  
  72  5:26  Stalker x2, Pylon  
  72  5:27  Stalker, Probe x2  
  80  5:30  Probe  
  81  5:38  Gateway  
  81  5:41  Gateway  
  82  5:45  Gateway  
  81  5:52  Stalker x3  
  81  5:54  Probe  
  86  6:07  Probe  
  72  6:14  Probe x2 (Chrono Boost)  
  72  6:16  Stalker x3  
  72  6:17  Forge  
  80  6:19  Probe (Chrono Boost)  
  80  6:22  Charge (Chrono Boost)  
  83  6:26  Probe x2 (Chrono Boost)  
  83  6:30  Gateway x2, Probe (Chrono Boost)  
  84  6:33  Probe x2 (Chrono Boost)  
  84  6:35  Probe (Chrono Boost)  
  84  6:38  Sentry  
  84  6:39  Sentry  
  89  6:40  Probe x2, Sentry  
  89  6:45  Probe  
  94  6:52  Probe  
  89  6:59  Probe  
  90  7:04  Protoss Ground Weapons Level 1 (Chrono Boost)  
  90  7:06  Zealot x5  
  98  7:13  Forge  
  99  7:15  Probe x2  
  99  7:16  Probe  
  99  7:18  Nexus  
  99  7:19  Pylon, Robotics Facility  
  101  7:27  Probe  
  102  7:31  Gateway  
  102  7:32  Probe  
  102  7:35  Gateway  
  101  7:47  Protoss Ground Armor Level 1 (Chrono Boost)  
  101  7:49  Shield Battery  
  101  7:50  Pylon, Zealot x3  
  101  7:51  Zealot x3  
  106  7:59  Zealot x2, Templar Archives  
  106  8:01  Pylon  
  110  8:08  Probe  
  110  8:09  Warp Prism (Chrono Boost)  
  110  8:10  Shield Battery  
  110  8:11  Stalker x2  
  117  8:13  Zealot  
  119  8:20  Pylon  
  119  8:21  Zealot x2  
  123  8:27  Probe x3  
  126  8:34  Pylon  
  126  8:40  High Templar x2, Observer (Chrono Boost)  
  126  8:41  Zealot x6  
  135  8:45  Archon, Zealot x2  
  143  9:00  Nexus, Dark Shrine  
  143  9:02  Pylon  
  143  9:08  Stalker x3  
  149  9:14  Zealot x6  
  101  9:31  High Templar  
  101  9:32  Probe x3  
  101  9:34  Probe  
  107  9:39  Assimilator  
  107  9:41  High Templar  
  107  9:42  Zealot x7  
  123  9:48  Archon  
  123  9:51  Gateway  
  123  9:53  Gateway  
  123  9:55  Probe x2  
  123  9:56  Assimilator x2, Gateway  
  123  9:58  Gateway  
  123  9:59  Observer  
  122  10:16  Probe x3, Protoss Ground Armor Level 2 (Chrono Boost)  
  122  10:19  Photon Cannon  
  122  10:20  Warp Prism, Pylon  
  127  10:23  Protoss Ground Weapons Level 2 (Chrono Boost)  
  127  10:24  Shadow Stride  
  128  10:35  Probe  
  128  10:36  Probe x4  
  128  10:42  Stalker x4  
  138  10:48  Photon Cannon  
  138  10:49  Assimilator, Stalker x2, Shield Battery  
  142  10:50  Nexus  
  140  10:57  Observer  
  140  11:02  Pylon  
  141  11:04  Probe  
  141  11:05  Probe x3  
  141  11:07  Assimilator  
  141  11:08  Assimilator  
  141  11:10  Gateway x2  
  145  11:19  Zealot x2  
  145  11:20  Zealot x11  
  171  11:26  Zealot  
  171  11:32  Photon Cannon  
  173  11:33  Photon Cannon  
  173  11:34  Shield Battery  
  173  11:37  Pylon  
  173  11:40  Zealot x3  
  178  11:49  Dark Templar x2  
  178  11:50  Dark Templar x4  
  190  12:03  Zealot x5  
  194  12:20  Assimilator  
  194  12:21  Assimilator  
  182  12:36  Zealot x10  
  182  12:37  Zealot  
  180  12:50  Zealot x3  
  166  12:58  Dark Templar x8  
  150  12:59  Dark Templar x2  
  166  13:10  Zealot x4  
  166  13:11  Zealot x2  
  111  13:38  Dark Templar x3  
  111  13:40  Stalker x5  
  111  13:41  Stalker, Zealot x5  
  125  13:42  Nexus  
  125  13:43  Pylon  
  118  14:01  Stalker x2  
  118  14:02  Stalker x2, Zealot x3  
  129  14:06  Pylon  
  121  14:13  Zealot x2  
  120  14:22  Dark Templar  
  115  14:24  Stalker x6  
  115  14:29  Observer (Chrono Boost)  
  122  14:34  Probe x2  
  105  15:07  Pylon  
  49  16:08  Pylon  
  44  16:11  Pylon  
  44  16:33  Zealot  
  44  16:47  Stalker  
  46  16:58  Void Ray  
  46  17:00  Stalker  
  52  17:16  Stalker  
  54  17:28  Stalker  
  56  17:35  Void Ray  
  53  17:54  Zealot x2  
  55  18:21  Zealot  
Tags
 
Add a new tag
Caveats
  • Supply blocks, unpowered buildings, or Contaminate may cause inaccurate times.
  • Supply counts are checked every 10 seconds.